 Dungeon Crawl Stone Soup version 0.26-a0-490-gf8362a0c98 (webtiles) character file.

Game seed: 16078646047531944192

399 ANON1729 the Skirmisher (level 6, -3/52 HPs)
             Began as a Palentonga Delver on Aug 4, 2020.
             Slain by an orc wizard
             ... wielding a +0 dagger
              (6 damage)
             ... on level 4 of the Dungeon.
             The game lasted 00:02:59 (1982 turns).

ANON1729 the Skirmisher (Palentonga Delver)         Turns: 1982, Time: 00:03:00

Health: -3/52      AC:  4    Str: 17    XL:     6   Next: 53%
Magic:  6/6        EV: 10    Int: 11    God:
Gold:   84         SH:  0    Dex: 11    Spells: 5/5 levels left

rFire    . . .     SeeInvis +   p - +2 falchion (vamp)
rCold    . . .     Faith    .   (no shield)
rNeg     . . .     Spirit   .   b - +0 leather armour
rPois    .         Reflect  .   (no helmet)
rElec    .         Harm     .   (no cloak)
rCorr    .                      (no gloves)
MR       .....                  (boots restricted)
Stlth    ++........             (no amulet)
HPRegen  0.17/turn              i - +4 ring of slaying
MPRegen  0.10/turn              (no ring)

@: hasted, very quick
A: large, rugged brown scales 3, see invisible, deformed body, roll, armoured
tail
a: Rolling Charge


You were on level 4 of the Dungeon.
You visited 1 branch of the dungeon, and saw 2 of its levels.

You collected 84 gold pieces.

Inventory:

Hand Weapons
 a - a +0 falchion
 p - a +2 vampiric falchion (weapon)
Armour
 b - a +0 leather armour (worn)
Jewellery
 i - a +4 ring of slaying (left hand)
Wands
 g - a wand of digging (3)
Scrolls
 c - a scroll of fog
 d - a scroll of magic mapping
 e - a scroll of fear
 h - 3 scrolls of teleportation {unknown}
 j - a scroll of remove curse {unknown}
 m - a scroll of amnesia {unknown}
 n - a scroll of enchant weapon {unknown}
 o - a scroll of identify {unknown}
Potions
 f - a potion of invisibility {unknown}
 k - a potion of heal wounds {unknown}


   Skills:
 + Level 4.5 Fighting
 + Level 3.8 Long Blades
 + Level 3.1 Dodging
 + Level 4.2 Stealth


You had 5 spell levels left.
You didn't know any spells.
Your spell library was empty.

Dungeon Overview and Level Annotations

Branches:
Dungeon (5/15)
 Temple: D:4-7

Altars:

Annotations:
D:4 exclusion: scorpion


Innate Abilities, Weirdness & Mutations

You are completely covered in rugged brown scales. (AC +3, +7% HP)
You have supernaturally acute eyesight. (SInv)
Armour fits poorly on your strangely shaped body.
You can roll at foes to attack.
You have a long armoured tail.


Message History

The orc wizard casts a spell.
The orc wizard seems to speed up.
An orc priest comes into view. It is wielding a +0 war axe.
The orc priest shouts!
The orc wizard hits you but does no damage.
The orc priest mumbles some strange prayers to Beogh against you.
Beogh smites you!
You see here a +0 flail.
You are too injured to fight recklessly!
You are too injured to fight recklessly!
You are too injured to fight recklessly!
You feel yourself speed up. The orc wizard casts a spell at you.
The magic dart hits you.
* * * LOW HITPOINT WARNING * * *
The orc priest invokes the aid of Beogh against you.
Pain shoots through your body!
* * * LOW HITPOINT WARNING * * *
The orc wizard hits you with a +0 dagger.
You die...

#.......#
#......##
#......#
#......#
#......#
#...).##
#.....#
#.....#
#....@#######
+....o'o.....
#.....#######
#.....#
#######


You could see an orc priest and an orc wizard (fast).

Vanquished Creatures
  A phantom (D:5)
  An ogre (D:5)
  A bullfrog (D:5)
  An orc wizard (D:5)
  2 orc priests
  A centaur skeleton (D:4)
  A worker ant (D:4)
  An ufetubus (D:5)
  An adder skeleton (D:5)
  A worm (D:5)
  2 orcs (D:5)
  3 giant cockroaches
  2 jackals (D:5)
  A quokka (D:4)
  A quokka skeleton (D:4)
20 creatures vanquished.

Notes
Turn   | Place    | Note
-------+----------+-------------------------------------------
     0 | D:5      | ANON1729 the Palentonga Delver began the quest for the Orb.
     0 | D:5      | Reached XP level 1. HP: 19/19 MP: 1/1
    52 | D:5      | Noticed a sky beast
    84 | D:5      | Reached XP level 2. HP: 5/25 MP: 2/2
   543 | D:5      | Reached XP level 3. HP: 24/31 MP: 3/3
   549 | D:5      | Reached XP level 4. HP: 26/37 MP: 4/4
   651 | D:5      | Noticed a bullfrog
   708 | D:5      | Killed a bullfrog
   708 | D:5      | Reached XP level 5. HP: 14/44 MP: 5/5
  1137 | D:5      | Noticed an ogre
  1193 | D:5      | Noticed a phantom
  1214 | D:5      | Killed a phantom
  1334 | D:5      | Killed an ogre
  1334 | D:5      | Reached XP level 6. HP: 14/52 MP: 6/6
  1982 | D:4      | Slain by an orc wizard

Illustrated notes

Levels and vault maps discovered:
D:4:      layout_basic, grunt_qazlal_sundering
D:5:      layout_loops_corners

Skill      XL: |  1  2  3  4  5 |
---------------+----------------+-----
Dodging        | 2 3 |  3.1
Long Blades    | 3 |  3.8
Fighting       | 4 |  4.5
Stealth        | 4 |  4.2

Action                   |  1- 3 |  4- 6 || total
-------------------------+-------+-------++-------
Melee: Falchion          |    23 |    44 ||    67
       Tailslap          |     6 |     7 ||    13
 Abil: Rolling Charge    |       |     5 ||     5
  Use: Potion            |     1 |     1 ||     2
 Stab: Sleeping          |     1 |     3 ||     4
Armor: Leather armour    |     3 |     8 ||    11
Dodge: Dodged            |     9 |    14 ||    23
       Rpst.: Falchion   |     2 |     7 ||     9

Table legend: (Time is in decaauts)
 A = Elapsed time spent in this place.
 B = Non-inter-level travel time spent in this place.
 C = Inter-level travel time spent in this place.
 D = Time resting spent in this place.
 E = Time spent auto-exploring this place.
 F = Levels seen in this place.
 G = Mean time per level.
                   A        B        C        D        E       F      G
               +--------+--------+--------+--------+--------+-----+--------+
         Total |   1971 |   1927 |     44 |    841 |    821 |   2 |  985.5 |
       Dungeon |   1971 |   1927 |     44 |    841 |    821 |   2 |  985.5 |
               +--------+--------+--------+--------+--------+-----+--------+

Top non-repeatable levels by time:
     D:5: 1762 daAuts
     D:4: 209 daAuts
